 Dungeon Crawl Stone Soup version 0.29.0-4-gdea44cf6ec (webtiles) character file.

Game seed: 5503859154835394282

23 qw the Chopper (level 3, -2/21 HPs)
             Began as a Tengu Warper on Aug 28, 2022.
             Slain by an orc
             ... wielding a +0 club
              (3 damage)
             ... on level 2 of the Dungeon.
             The game lasted 00:00:06 (1484 turns).

qw the Chopper (Tengu Warper)                       Turns: 1484, Time: 00:00:06

Health: -2/21      AC:  8    Str: 13    XL:     3   Next: 0%
Magic:  7/7        EV:  6    Int: 13    God:
Gold:   103        SH:  0    Dex: 13    Spells: 6/6 levels left

rFire   . . .      SeeInvis .   Y - +1 hand axe
rCold   + . .      Faith    .   (no shield)
rNeg    . . .      Spirit   .   e - +0 chain mail
rPois   .          Reflect  .   (helmet restricted)
rElec   .          Harm     .   (no cloak)
rCorr   .          Rampage  .   (no gloves)
Will    .....                   (boots unavailable)
Stlth   ..........              (no amulet)
HPRegen 0.07/turn               o - ring of protection from cold
MPRegen 0.10/turn               (no ring)

@: no status effects
A: beak, talons 3
a: no special abilities


You were on level 2 of the Dungeon.
You visited 1 branch of the dungeon, and saw 2 of its levels.

You collected 103 gold pieces.


Innate Abilities, Weirdness & Mutations

You have a beak for a mouth.
You have claws for feet.


   Skills:
 - Level 2.0 Fighting
 + Level 3.7 Axes
 - Level 1.0 Throwing
 - Level 1.1 Armour
 - Level 2.1 Dodging
 - Level 2.0 Spellcasting
 - Level 2.4 Translocations


You had 6 spell levels left.
You didn't know any spells.
Your spell library contained the following spells:

 Spells                   Type           Power      Damage    Failure   Level
 Blink                    Tloc           14%        N/A       99%         2
 Gell's Gravitas          Tloc           7%         N/A       100%        3
 Lesser Beckoning         Tloc           7%         N/A       100%        3
 Teleport Other           Tloc           7%         N/A       100%        3
 Manifold Assault         Tloc           7%         N/A       100%        5

Inventory:

Hand Weapons
 f - a +0 mace
 Y - a +1 hand axe (weapon)
Armour
 e - a +0 chain mail (worn)
Jewellery
 o - a ring of protection from cold (left hand)
Scrolls
 a - 2 scrolls of teleportation
 i - a scroll of identify
Potions
 h - a potion of cancellation {unknown}
 j - a potion of berserk rage {unknown}
 k - a potion of magic {unknown}
 l - a potion of heal wounds
 m - 2 potions of curing

Dungeon Overview and Level Annotations

Branches:
Dungeon (2/15)

Altars:


Message History

The orc shouts!
You barely miss the orc wizard.
The orc wizard hits you with a +0 dagger.
You hit the orc wizard.
The orc wizard is lightly wounded.
You hit the orc wizard.
The orc wizard hits you with a +0 dagger.
You hit the orc wizard. Your kick misses the orc wizard.
The orc wizard is lightly wounded.
You hit the orc wizard.
The orc wizard hits you but does no damage. x2
The orc hits you from afar with a +0 trident.
You hit the orc wizard but do no damage.
You peck the orc wizard, but do no damage.
The orc wizard is moderately wounded.
You completely miss the orc wizard. You hit the orc.
A ball python comes into view.
The orc wizard gestures wildly while chanting.
The orc wizard flickers and vanishes!
Deactivating autopickup; reactivate with Ctrl-A.
The orc hits you from afar with a +0 trident.
The orc wizard hits you with a +0 dagger.
The orc hits you but does no damage.
You miss the orc wizard.
The ball python hisses angrily.
Your kick misses the orc wizard.
The orc wizard is lightly wounded.
You hit something but do no damage. You closely miss the orc.
Something hits you but does no damage. The orc hits you but does no damage.
The orc wizard hits you with a +0 dagger.
The orc hits you with a +0 club.
You hit the orc wizard. Your kick misses the orc wizard.
Your peck misses the orc wizard.
The orc wizard is moderately wounded.
You barely miss the orc. You completely miss something. You hit the orc.
The orc hits you with a +0 hand axe. Something hits you.
The orc wizard hits you but does no damage.
The orc hits you from afar with a +0 trident.
The orc hits you but does no damage. The orc hits you with a +0 club.
You die...

..#. #...
##..## ..S.#
#...# #.o.#
#oo.#
#.####o@{#
.........######
#.####.........
........#######
#..####<#
##....%.#
#...#### #.. #.


You could see an orc wizard, 3 orcs and a ball python.

Vanquished Creatures
  A worm (D:2)
  A ball python (D:1)
  3 bats (D:1)
  2 endoplasms (D:1)
  2 giant cockroaches (D:1)
  2 goblins (D:1)
  A hobgoblin (D:1)
  A frilled lizard (D:1)
  2 kobolds (D:1)
  5 rats (D:1)
20 creatures vanquished.

Notes
Turn   | Place    | Note
-------+----------+-------------------------------------------
     0 | D:1      | qw the Tengu Warper began the quest for the Orb.
     0 | D:1      | Reached XP level 1. HP: 12/12 MP: 4/4
     0 | D:1      | 0 ||| qw: Version: 0.1-a-89-g26bdef1
     0 | D:1      | 0 ||| qw: Game counter: 1389
     0 | D:1      | 0 ||| qw: Always use a shield: true
     0 | D:1      | 0 ||| qw: God list: Okawaru
     0 | D:1      | 0 ||| qw: Allow faded altars: false
     0 | D:1      | 0 ||| qw: Do Orc after D:15 true
     0 | D:1      | 0 ||| qw: Do second Lair branch before Depths: true
     0 | D:1      | 0 ||| qw: Lair rune preference: random
     0 | D:1      | 0 ||| qw: Plans: Normal
     0 | D:1      | 0 ||| PLANNING D:1-11
   204 | D:1      | Reached XP level 2. HP: 17/17 MP: 6/6
   246 | D:1      | Reached skill level 3 in Axes
  1284 | D:1      | 1284 ||| UPGRADING to +0 chain mail.
  1294 | D:1      | 1294 ||| DROPPING +0 leather armour.
  1295 | D:1      | 1295 ||| UPGRADING to ring of protection from cold.
  1296 | D:1      | 1296 ||| READING 3 scrolls labelled QAL WEOKYDGH.
  1301 | D:1      | 1301 ||| READING scroll labelled KYSIUKH RYMA.
  1302 | D:1      | 1302 ||| READING 2 scrolls labelled JUQYUSEPEC.
  1303 | D:1      | 1303 ||| READING scroll labelled JESUOX FOAXT.
  1304 | D:1      | 1304 ||| DRINKING 2 ruby potions.
  1305 | D:1      | 1305 ||| DRINKING 3 black potions.
  1306 | D:1      | 1306 ||| DROPPING scroll of blinking.
  1342 | D:2      | Reached XP level 3. HP: 11/21 MP: 7/7
  1484 | D:2      | HP: 5/21 [orc/+0 hand axe (2)]
  1484 | D:2      | HP: 2/21 [something (3)]
  1484 | D:2      | Slain by an orc

Levels and vault maps discovered:
D:1:      onia_arrival_mini_spirals, layout_basic
D:2:      layout_loops_ring, nicolae_ecumenical_pavilion

Skill      XL: |  1  2 |
---------------+-------+-----
Axes           | 3 |  3.7
Fighting       | |  2.0
Throwing       | |  1.0
Armour         | |  1.1
Dodging        | |  2.1
Spellcasting   | |  2.0
Translocations | |  2.4

Action                   || total
-------------------------++-------
Melee: Hand axe          ||    53
       Kick              ||    12
       Peck              ||     2
Throw: Boomerang         ||     7
  Use: Scroll            ||     4
       Potion            ||     2
Armor: Leather armour    ||    15
       Chain mail        ||     7
Dodge: Dodged            ||    23

Table legend:
 A = Non-vault XP
 B = Vault XP
 C = Vault XP percentage of total XP
 D = Non-vault monster count
 E = Vault monster count
 F = Vault count percentage of total count
                 A         B        C        D         E       F
            +---------+---------+-------+---------+---------+-------
      Total |      34 |       0 |   0.0 |      20 |       0 |   0.0
            +---------+---------+-------+---------+---------+-------
        D:1 |      29 |       0 |   0.0 |      19 |       0 |   0.0
        D:2 |       5 |       0 |   0.0 |       1 |       0 |   0.0
            +---------+---------+-------+---------+---------+-------
